[Event "Late-Titled-Tuesday-Blitz-June-25-2024"]
[Site "Chess.com"]
[Date "2024.06.25"]
[Round "4"]
[White "VirtualCoach"]
[Black "Oleg_Papayan"]
[Result "1-0"]
[WhiteElo "2350"]
[BlackElo "2491"]
[TimeControl "180+1"]
[EndTime "14:35:31 PDT"]
[Termination "VirtualCoach won by resignation"]

1. e4 d5 2. exd5 Qxd5 3. Nf3 Qd8 4. Be2 c6 5. O-O Bf5 6. d4 e6 7. c3 Nd7 8. Bf4 Be7 9. Nbd2 Ngf6 10. Re1 O-O 11.
Bf1 Nb6 12. Ne5 Nbd5 13. Bg3 Nd7 14. Ndc4 Nxe5 15. Nxe5 a5 16. a3 Bh4 17. Qf3 Bxg3 18. Qxg3 Nf6 19. Bd3 Bg6 20. Rad1 Nd7 21. Nxg6 hxg6 22.
Re4 g5 23. Rde1 Nf6 24. Re5 g4 25. h3 gxh3 26. Rg5 Ne8 27. Qh4 h2+ 28. Qxh2 f5 29.
Rh5 Qf6 30. Bc4 Nc7 31. Qxc7 b5 32. Bxe6+ 1-0

[Event "Late-Titled-Tuesday-Blitz-June-25-2024"]
[Site "Chess.com"]
[Date "2024.06.25"]
[Round "4"]
[White "medinapazmiguel1968"]
[Black "lluiss"]
[Result "0-1"]
[WhiteElo "2455"]
[BlackElo "2263"]
[TimeControl "180+1"]
[EndTime "14:35:32 PDT"]
[Termination "lluiss won by checkmate"]

1. d4 Nf6 2. c4 g6 3. Nc3 d5 4. cxd5 Nxd5 5. e4 Nxc3 6. bxc3 Bg7 7. Nf3 c5 8. Rb1 O-O 9. Be2 cxd4 10. cxd4 Qa5+ 11.
Bd2 Qxa2 12. O-O Bg4 13. h3 Bxf3 14. Bxf3 Bxd4 15. Rxb7 Rd8 16. Qc1 Nc6 17. Qxc6 Qxd2 18. Rxe7 Rac8 19. Qb7 Rb8 20. Qc7 Rbc8 21. Qb7 Rc1 22.
Rxc1 Qxc1+ 23. Kh2 Bxf2 24. Rxf7 Qg1# 0-1

[Event "Late-Titled-Tuesday-Blitz-June-25-2024"]
[Site "Chess.com"]
[Date "2024.06.25"]
[Round "4"]
[White "Roedor"]
[Black "WilsonPalencia21"]
[Result "0-1"]
[WhiteElo "2399"]
[BlackElo "2596"]
[TimeControl "180+1"]
[EndTime "14:35:34 PDT"]
[Termination "WilsonPalencia21 won by resignation"]

1. d4 Nf6 2. c4 c5 3. e3 g6 4. Nf3 Bg7 5. Nc3 O-O 6. Be2 d6 7. O-O Nc6 8. b3 d5 9. Bb2 cxd4 10. exd4 Bg4 11. Ne5 Bxe2 12. Nxe2 Rc8 13. Rc1 e6 14. c5 Nxe5 15. dxe5 Nd7 16. Qd4 Bxe5 17. Qd2 Bxb2 18. Qxb2 Rxc5 19. Nd4 Qf6 20. b4 Rxc1 21. Rxc1 Nb6 22.
Rd1 Rc8 23. Qa3 a6 24. g3 Rc4 25. Ne2 Rc2 26. Nf4 Nc4 27. Qa4 Rd2 28. Qe8+ Kg7 29.
Re1 Nd6 30. Qb8 Ne4 31. Qxb7 e5 32. f3 exf4 33. fxe4 fxg3 34. Rf1 gxh2+ 0-1

[Event "Late-Titled-Tuesday-Blitz-June-25-2024"]
[Site "Chess.com"]
[Date "2024.06.25"]
[Round "4"]
[White "maracayo"]
[Black "Navyblue1"]
[Result "1-0"]
[WhiteElo "2395"]
[BlackElo "2165"]
[TimeControl "180+1"]
[EndTime "14:35:35 PDT"]
[Termination "maracayo won by resignation"]

1. e4 c5 2. Nf3 d6 3. d4 cxd4 4. Nxd4 Nf6 5. Nc3 a6 6. Bg5 Nbd7 7. Qd2 e6 8. O-O-O Be7 9. f4 h6 10. Bh4 Qc7 11. Kb1 Nxe4 12. Nxe4 Bxh4 13. Nxe6 fxe6 14. Nxd6+ Ke7 15. f5 e5 16. Qd5 Rf8 17.
Qe6+ Kd8 18. Bc4 Qc5 19. Nxb7+ 1-0

[Event "Late-Titled-Tuesday-Blitz-June-25-2024"]
[Site "Chess.com"]
[Date "2024.06.25"]
[Round "4"]
[White "JulbeNn"]
[Black "GoltsevDmitry2000"]
[Result "1-0"]
[WhiteElo "2555"]
[BlackElo "2696"]
[TimeControl "180+1"]
[EndTime "14:35:38 PDT"]
[Termination "JulbeNn won by checkmate"]

1. e4 e6 2. d3 d5 3. Nd2 Nf6 4. Ngf3 Bc5 5. h3 dxe4 6. dxe4 Nc6 7. Bb5 Bd7 8. O-O a6 9. Be2 h5 10. e5 Ng4 11. Ne4 Bb6 12. Bf4 Qe7 13. hxg4 hxg4 14.
Bg5 Qb4 15. Nfd2 Nxe5 16. Bxg4 f5 17. Bh5+ g6 18. Nf6+ Kf7 19. Qe2 Qd6 20. Rad1 Bc6 21. Nc4 Nxc4 22. Rxd6 Nxd6 23. Bf3 Bb5 24. Qe5 Bxf1 25.
Nd7 Ne8 26. Qxh8 Bb5 27. Qf8# 1-0

[Event "Late-Titled-Tuesday-Blitz-June-25-2024"]
[Site "Chess.com"]
[Date "2024.06.25"]
[Round "4"]
[White "Queensandpawns"]
[Black "1g60-1"]
[Result "1-0"]
[WhiteElo "2284"]
[BlackElo "2467"]
[TimeControl "180+1"]
[EndTime "14:35:39 PDT"]
[Termination "Queensandpawns won by resignation"]

1. e4 e6 2. d4 d5 3. Nd2 Nf6 4. e5 Nfd7 5. c3 c5 6. Ndf3 Nc6 7.
Ne2 Be7 8. Be3 O-O 9. a3 a5 10. Qc2 b5 11. Nf4 Rb8 12. Bd3 g6 13. h4 c4 14. Be2 Nb6 15. h5 g5 16. Nh3 h6 17.
Nh2 Kg7 18. f4 b4 19. fxg5 hxg5 20. Ng4 Kh8 21. Rf1 Nd7 22. Nh6 Kg7 23. Rxf7+ Rxf7 24. Qg6+ 1-0

[Event "Late-Titled-Tuesday-Blitz-June-25-2024"]
[Site "Chess.com"]
[Date "2024.06.25"]
[Round "4"]
[White "jlf287"]
[Black "Mihajlovskij"]
[Result "1-0"]
[WhiteElo "2488"]
[BlackElo "2293"]
[TimeControl "180+1"]
[EndTime "14:35:41 PDT"]
[Termination "jlf287 won by resignation"]

1. Nf3 Nf6 2. g3 g6 3. Bg2 Bg7 4. O-O O-O 5. c4 d6 6. d4 c5 7. d5 b5 8. cxb5 a6 9. bxa6 Nxa6 10. Nc3 Nc7 11. Re1 Ba6 12. Nd2 Nb5 13. Nxb5 Bxb5 14. Qc2 Nd7 15. a4 Ba6 16. Ra3 Rb8 17.
Rb3 Rxb3 18. Qxb3 Qc7 19. Nc4 Rb8 20. Qc2 Bxc4 21. Qxc4 Qa5 22. Rd1 Rb4 23. Qc2 Qxa4 24. Qxa4 Rxa4 25. Bg5 f6 26. Bd2 f5 27. Bc3 Bxc3 28.
bxc3 Rc4 29. Rc1 Nb6 30. Rb1 Na4 31. Rb7 Kf7 32. e3 Rb4 33. cxb4 c4 34. Rc7 c3 35.
Bf1 c2 36. Rxc2 1-0

[Event "Late-Titled-Tuesday-Blitz-June-25-2024"]
[Site "Chess.com"]
[Date "2024.06.25"]
[Round "4"]
[White "giomar27"]
[Black "LUISMIGUELOV"]
[Result "0-1"]
[WhiteElo "2440"]
[BlackElo "2234"]
[TimeControl "180+1"]
[EndTime "14:35:43 PDT"]
[Termination "LUISMIGUELOV won by resignation"]

1. e4 c6 2. Nc3 d5 3. Nf3 Nf6 4. e5 Ng8 5. d4 Bg4 6. h3 Bxf3 7. Qxf3 e6 8. Bd3 c5 9. Bb5+ Nc6 10.
dxc5 Bxc5 11. Qg3 g6 12. O-O Ne7 13. Bg5 Nf5 14. Qf4 Be7 15. Bxe7 Qxe7 16. g4 Qh4 17. Qa4 Ne7 18. Kg2 O-O 19. f4 a6 20. Bxc6 Nxc6 21.
Ne2 h5 22. gxh5 Qxh5 23. Ng3 Qh4 24. Qb3 b5 25. Qe3 Rac8 26. c3 Ne7 27. Kh2 Rc4 28. Rf2 Kg7 29. Rg1 Rh8 30. Ne2 Re4 31. Qf3 Nf5 32. Rg4 Qh5 33. Ng3 Qxh3+ 34. Kg1 Nxg3 35.
Rxg3 Re1+ 36. Rf1 Rxf1+ 0-1

[Event "Late-Titled-Tuesday-Blitz-June-25-2024"]
[Site "Chess.com"]
[Date "2024.06.25"]
[Round "4"]
[White "purpurice"]
[Black "chess_cryptoworld"]
[Result "0-1"]
[WhiteElo "2660"]
[BlackElo "2481"]
[TimeControl "180+1"]
[EndTime "14:35:47 PDT"]
[Termination "chess_cryptoworld won by checkmate"]

1. d4 Nf6 2. Nc3 d5 3. Bf4 c5 4. e3 cxd4 5. exd4 a6 6. Nf3 Nc6 7. Bd3 Bg4 8. Be2 e6 9. h3 Bxf3 10. Bxf3 Qb6 11. Ne2 Qxb2 12. Rb1 Bb4+ 13. Kf1 Qxa2 14. c3 Be7 15. Rxb7 O-O 16. g4 Ne4 17. Kg2 Bd6 18. Bxe4 Bxf4 19. Bxh7+ Kxh7 20. Nxf4 Rab8 21. Qd3+ Kg8 22. Rhb1 e5 23. Rxb8 Nxb8 24. dxe5 Nc6 25. e6 fxe6 26. Kg3 Rxf4 27. Rf1 Rf8 28. Qg6 Qe2 29.
Kg2 Qf3+ 30. Kh2 Qf4+ 31. Kg1 Ne5 32. Qxe6+ Kh8 33. Rb1 Nf3+ 34. Kh1 Qh2# 0-1

[Event "Late-Titled-Tuesday-Blitz-June-25-2024"]
[Site "Chess.com"]
[Date "2024.06.25"]
[Round "4"]
[White "Chaubunagungamaug1"]
[Black "MITerryble"]
[Result "0-1"]
[WhiteElo "2567"]
[BlackElo "2978"]
[TimeControl "180+1"]
[EndTime "14:35:49 PDT"]
[Termination "MITerryble won by resignation"]

1. d4 e6 2. c4 Bb4+ 3. Nd2 Nf6 4. a3 Bxd2+ 5. Qxd2 O-O 6. Nf3 b6 7. e3 Bb7 8. Be2 d6 9. O-O Nbd7 10. b4 a5 11. Bb2 Qe7 12. Qc2 Be4 13. Qc3 Rfb8 14. Nd2 Bb7 15. Qc2 e5 16. d5 Nf8 17. Rfc1 Ng6 18.
Bd3 Bc8 19. Ne4 Nxe4 20. Bxe4 Qg5 21. c5 bxc5 22. bxc5 f5 23. Bd3 Nh4 24. Bf1 f4 25. exf4 exf4 26. cxd6 cxd6 27. Kh1 Bf5 28. Qc3 Be4 29. f3 Bxd5 30. Qd4 Nxf3 31. Qf2 Qh5 32. gxf3 Qxf3+ 33. Qxf3 Bxf3+ 34. Bg2 Bxg2+ 35. Kxg2 Rxb2+ 36. Kf3 Rxh2 37. Kxf4 Re8 38. Rc7 Rf2+ 39. Kg3 Rf6 40.
Rb1 Ref8 41. Rbb7 Rg6+ 42. Kh2 h6 43. Rd7 Rf5 0-1

[Event "Late-Titled-Tuesday-Blitz-June-25-2024"]
[Site "Chess.com"]
[Date "2024.06.25"]
[Round "4"]
[White "tgpgoat"]
[Black "Chessdude1987"]
[Result "1-0"]
[WhiteElo "2517"]
[BlackElo "2363"]
[TimeControl "180+1"]
[EndTime "14:35:49 PDT"]
[Termination "tgpgoat won on time"]

1. Nf3 e6 2. d4 f5 3. g3 Nf6 4. Bg2 Be7 5. O-O d6 6. c4 O-O 7. Nc3 Ne4 8. Nxe4 fxe4 9. Nd2 d5 10. cxd5 exd5 11. f3 c5 12. fxe4 dxe4 13. Nxe4 cxd4 14. Rxf8+ Bxf8 15. Bg5 Qb6 16. e3 Nc6 17. exd4 Bf5 18.
Be3 Qxb2 19. Rb1 Qxa2 20. Rxb7 Na5 21. Rb5 Re8 22. Rxf5 Nc4 23. Qd3 Nxe3 24. Qxe3 Qb1+ 25. Rf1 Qc2 26. Nf6+ gxf6 27. Qxe8 1-0

[Event "Late-Titled-Tuesday-Blitz-June-25-2024"]
[Site "Chess.com"]
[Date "2024.06.25"]
[Round "4"]
[White "ExchangeAB"]
[Black "Alex_Sahakyan2006"]
[Result "0-1"]
[WhiteElo "2545"]
[BlackElo "2732"]
[TimeControl "180+1"]
[EndTime "14:35:50 PDT"]
[Termination "Alex_Sahakyan2006 won by resignation"]

1. d4 Nf6 2. Nf3 g6 3. c4 Bg7 4. g3 O-O 5. Bg2 d6 6. O-O Nc6 7. Nc3 a6 8. b3 Rb8 9. Bb2 b5 10. cxb5 axb5 11. Re1 b4 12. Na4 e5 13. dxe5 Ng4 14.
Rc1 Ncxe5 15. Nxe5 Nxe5 16. f4 Ng4 17. Bxg7 Kxg7 18.
Qd4+ Nf6 19. e4 c5 20. Qa1 Be6 21. e5 dxe5 22. Nxc5 exf4 23. Rxe6 Rc8 24. Ree1 Qb6 25. Qd4 Rfd8 26. Qf2 Ng4 27. Qb2+ Kg8 28. Qc2 fxg3 29. hxg3 Qd6 30. Ne4 Qd4+ 0-1

[Event "Late-Titled-Tuesday-Blitz-June-25-2024"]
[Site "Chess.com"]
[Date "2024.06.25"]
[Round "4"]
[White "DucksParadise"]
[Black "PoAslan"]
[Result "0-1"]
[WhiteElo "2592"]
[BlackElo "2430"]
[TimeControl "180+1"]
[EndTime "14:35:51 PDT"]
[Termination "PoAslan won by resignation"]

1. e4 c5 2. Nc3 e6 3. Nf3 Nc6 4. d4 cxd4 5. Nxd4 Qc7 6. Ncb5 Qb8 7.
Bd3 a6 8. Nxc6 bxc6 9. Nd4 Nf6 10. O-O e5 11. Nf5 d5 12. Ng3 Bc5 13. Bg5 Qd6 14.
c3 O-O 15. b4 Bb6 16. c4 dxc4 17. Bxc4 Bd4 18. Rc1 h6 19. Be3 Rd8 20. Bxd4 exd4 21. Qb3 Ra7 22. f4 d3 23. Kh1 d2 24. Rcd1 Qd4 25. h3 Nxe4 26. Nxe4 Qxe4 27. Qc3 Bxh3 28. Bxf7+ Rxf7 29. Qxh3 Rxf4 30. Rxf4 Qxf4 31. Qe6+ Kh8 32. Qe2 Qxb4 33. Kg1 Qd4+ 34. Qf2 c5 35. Qxd4 Rxd4 0-1

[Event "Late-Titled-Tuesday-Blitz-June-25-2024"]
[Site "Chess.com"]
[Date "2024.06.25"]
[Round "4"]
[White "Piriflillo"]
[Black "glucolisis04"]
[Result "1-0"]
[WhiteElo "2516"]
[BlackElo "2293"]
[TimeControl "180+1"]
[EndTime "14:35:53 PDT"]
[Termination "Piriflillo won by resignation"]

1. Nf3 d5 2. b3 Nf6 3. Bb2 Bf5 4. e3 e6 5. Ne5 c6 6. f4 Nfd7 7. d3 Nxe5 8. Bxe5 Nd7 9. Bb2 Bb4+ 10. Nd2 Qa5 11. a3 Bxd2+ 12. Qxd2 Qxd2+ 13. Kxd2 f6 14. Be2 Kf7 15. g4 Bg6 16. h4 h6 17. h5 Bh7 18.
Rag1 e5 19. g5 fxg5 20. fxg5 Bf5 21. Rf1 Ke6 22. Rhg1 Rhg8 23. g6 Raf8 24. e4 dxe4 25. dxe4 Bxe4 26. Bg4+ Bf5 27. Rxf5 Rxf5 28. Rf1 Rf8 29.
Ke3 Nb6 30. Ke4 Nd5 31. Rxf5 Nf6+ 32. Rxf6+ Kxf6 33. Bxe5+ Kg5 34. Be2 Rf2 35. Ke3 Rf8 36. Bxg7 Re8+ 37. Kf2 Rg8 38. Bc3 Kh4 39. g7 Kg5 40. Bc4 1-0

[Event "Late-Titled-Tuesday-Blitz-June-25-2024"]
[Site "Chess.com"]
[Date "2024.06.25"]
[Round "4"]
[White "schondeln"]
[Black "Niktlt"]
[Result "0-1"]
[WhiteElo "2382"]
[BlackElo "2568"]
[TimeControl "180+1"]
[EndTime "14:35:58 PDT"]
[Termination "Niktlt won on time"]

1. e4 c5 2. Nf3 d6 3. Bc4 Nf6 4. d3 e6 5. O-O Be7 6. Bb3 d5 7. Nbd2 O-O 8. c3 Nc6 9. Re1 b6 10. Qe2 Ba6 11. Bc2 dxe4 12. Nxe4 Nxe4 13. Qxe4 Qd5 14. d4 Qxe4 15. Bxe4 Rac8 16. d5 exd5 17. Bxd5 Bf6 18. Bg5 Bxg5 19. Nxg5 h6 20. Ne4 Ne5 21. Nd6 Rcd8 22. Rxe5 Rxd6 23. Rae1 Rfd8 24. c4 b5 25. b3 bxc4 26. bxc4 Rb8 27. Re7 Rf6 28. Rxa7 Rb2 29. f3 Rxa2 30. h4 Rd2 0-1

[Event "Late-Titled-Tuesday-Blitz-June-25-2024"]
[Site "Chess.com"]
[Date "2024.06.25"]
[Round "4"]
[White "cukricek"]
[Black "TheAlienParty"]
[Result "0-1"]
[WhiteElo "2491"]
[BlackElo "2350"]
[TimeControl "180+1"]
[EndTime "14:35:59 PDT"]
[Termination "TheAlienParty won by checkmate"]

1. g3 d5 2. Nf3 c6 3. Bg2 Bf5 4. O-O Nf6 5. d3 Qd7 6. Nc3 Bh3 7. e4 Bxg2 8. Kxg2 e6 9. Nd2 Qc7 10. f4 Nfd7 11. exd5 cxd5 12. Re1 Be7 13. f5 Qc6 14. fxe6 fxe6 15. Qg4 d4+ 16. Nce4 O-O 17. Nc4 b5 18. Bh6 Rf7 19. Nd2 Ne5 20. Qh5 Nbd7 21. Bf4 Rf5 22.
Qe2 Qxc2 23. Bxe5 Nxe5 24. g4 Nxd3 25. Rf1 Nf4+ 26. Rxf4 Rxf4 27. Ng3 Qc6+ 28. Kh3 Raf8 29. Nb3 Qd5 30. Re1 R8f6 31. Rc1 Rf2 32. Rc8+ Kf7 33.
Qd3 Qg2+ 34. Kh4 Rh6# 0-1

[Event "Late-Titled-Tuesday-Blitz-June-25-2024"]
[Site "Chess.com"]
[Date "2024.06.25"]
[Round "4"]
[White "Connectedcloud"]
[Black "ukchessbomber"]
[Result "0-1"]
[WhiteElo "2326"]
[BlackElo "2625"]
[TimeControl "180+1"]
[EndTime "14:36:01 PDT"]
[Termination "ukchessbomber won by resignation"]

1. Nf3 b6 2. g3 Bb7 3. Bg2 e6 4. d4 Nf6 5. c4 d5 6. cxd5 Bxd5 7. Nc3 Bb7 8. O-O Be7 9. Qc2 O-O 10. e4 a6 11. Rd1 b5 12. a3 Nbd7 13. Bf4 Nb6 14. Rac1 Rc8 15. h3 Qe8 16. Qe2 c5 17.
dxc5 Bxc5 18. Ne5 h6 19. Nd3 Be7 20. e5 Nfd5 21. Nxd5 Bxd5 22. Be3 Bxg2 23. Kxg2 Nd5 24.
Bd4 Rc4 25. Ne1 Qa8 26. Nf3 Rfc8 27. Rxc4 Rxc4 28. Kh2 Qc6 29. Rd2 a5 30. b3 Rc1 31.
Bb2 Rb1 32. Qe4 Rxb2 33. Rxb2 Bxa3 34. Rc2 Qd7 35. Nd4 Bf8 36. Rc6 a4 37. bxa4 bxa4 38. Ra6 a3 39. Nc2 Qc8 40. Rxa3 Bxa3 41. Nxa3 Qc5 42.
Qf3 Ne7 43. Qa8+ Kh7 44. Qe4+ Ng6 45. Qf3 Nxe5 46. Qe4+ f5 47. Qe3 Qd5 48. h4 Ng4+ 0-1

[Event "Late-Titled-Tuesday-Blitz-June-25-2024"]
[Site "Chess.com"]
[Date "2024.06.25"]
[Round "4"]
[White "Patricius007"]
[Black "jbking07"]
[Result "1-0"]
[WhiteElo "2572"]
[BlackElo "2398"]
[TimeControl "180+1"]
[EndTime "14:36:02 PDT"]
[Termination "Patricius007 won on time"]

1. e4 c5 2. c3 d5 3. exd5 Qxd5 4.
d4 Nc6 5. Nf3 Bf5 6. Be3 cxd4 7.
cxd4 Bxb1 8. Qxb1 e5 9. dxe5 Bb4+ 10. Bd2 Bxd2+ 11. Nxd2 Nxe5 12. Qe4 Rd8 13. Qxd5 Rxd5 14. Ne4 Nd3+ 15. Bxd3 Rxd3 16. Rc1 Ne7 17. Ke2 Rd7 18. Rhd1 Nc6 19. Nc5 Re7+ 20. Kf1 O-O 21. a3 Rfe8 22. g3 g6 23. b4 b6 24. Nd7 Ne5 25. Nf6+ Kg7 26.
Nxe8+ Rxe8 27. Rc7 a5 28. bxa5 bxa5 29. Re1 Kf6 30.
f4 1-0

[Event "Late-Titled-Tuesday-Blitz-June-25-2024"]
[Site "Chess.com"]
[Date "2024.06.25"]
[Round "4"]
[White "King_Deded4d5"]
[Black "nitpicker"]
[Result "0-1"]
[WhiteElo "2487"]
[BlackElo "2338"]
[TimeControl "180+1"]
[EndTime "14:36:02 PDT"]
[Termination "nitpicker won on time"]

1. e4 c5 2. Nf3 Nc6 3. d4 cxd4 4. Nxd4 Nf6 5. Nc3 d6 6. Bg5 Qb6 7. Nb3 e6 8. Qd2 a6 9. Be2 Qc7 10. O-O-O Be7 11. f4 O-O 12. Bxf6 gxf6 13. g4 Kh8 14. Rdg1 b5 15. g5 fxg5 16. fxg5 Ne5 17. h4 Bb7 18.
Bd3 Nf3 19. Qf4 Nxg1 20. Rxg1 Qc5 21. Qg3 Qe5 22. Qf2 b4 23. Ne2 Bxe4 24. Bxe4 Qxe4 25. Ng3 Qg6 26. Kb1 f6 27. gxf6 Qxf6 28. Qg2 Rg8 29. Qh2 Qf4 0-1

[Event "Late-Titled-Tuesday-Blitz-June-25-2024"]
[Site "Chess.com"]
[Date "2024.06.25"]
[Round "4"]
[White "KorolDimitriy75"]
[Black "campochess"]
[Result "1/2-1/2"]
[WhiteElo "2403"]
[BlackElo "2224"]
[TimeControl "180+1"]
[EndTime "14:36:02 PDT"]
[Termination "Game drawn by repetition"]

1. d4 Nf6 2. c4 g6 3. Nc3 d5 4. cxd5 Nxd5 5. e4 Nxc3 6. bxc3 Bg7 7. Nf3 c5 8. Rb1 Nc6 9. d5 Bxc3+ 10. Bd2 Bxd2+ 11.
Qxd2 Nd4 12. Nxd4 cxd4 13. Qxd4 O-O 14. Bc4 Qa5+ 15. Qd2 Qc5 16. Rc1 b6 17. O-O Bd7 18. Bb3 Qd6 19. Qd4 e5 20. Qc4 Rac8 21. Qa6 Rxc1 22.
Rxc1 Qb4 23. Qxa7 Bg4 24. f3 Qd4+ 25. Kh1 Qe3 26. Qa3 Rc8 27. Rxc8+ Bxc8 28. h3 Bxh3 29. gxh3 Qxf3+ 30. Kg1 Qg3+ 31. Kf1 Qxh3+ 32. Ke2 Qg2+ 33. Ke3 Qg3+ 34. Ke2 Qg2+ 35. Ke3 Qg3+ 36. Ke2 Qg2+ 1/2-1/2

[Event "Late-Titled-Tuesday-Blitz-June-25-2024"]
[Site "Chess.com"]
[Date "2024.06.25"]
[Round "4"]
[White "NowInChess"]
[Black "Engima32"]
[Result "0-1"]
[WhiteElo "2201"]
[BlackElo "2416"]
[TimeControl "180+1"]
[EndTime "14:36:05 PDT"]
[Termination "Engima32 won on time"]

1. e4 b6 2. d4 Bb7 3. Bd3 g6 4. Nf3 Bg7 5. O-O e6 6. Re1 Ne7 7. Nc3 O-O 8. Qe2 c5 9. Nb5 d5 10. e5 c4 11. Bxc4 dxc4 12. Qxc4 Ba6 13. a4 Nd7 14. Bg5 h6 15. Bh4 g5 16. Bg3 Rc8 17. Qb3 Bxb5 18. axb5 Qc7 19. c3 Nf5 20. Ra6 Nb8 21.
Ra4 Qd7 22. Rea1 Rc7 23. h4 g4 24. Nd2 Re8 25. Ne4 Re7 26. h5 Qd5 27. Qxd5 exd5 28.
Nd6 Nxg3 29. fxg3 Red7 30. Nf5 Bf8 31. Kf2 Rb7 32. Ke3 Rdc7 33. Kf4 Nd7 34. Kxg4 f6 35. e6 Nb8 36. Ne3 Be7 37. Nxd5 Kf8 38. Nxc7 Rxc7 39.
Rxa7 Rc8 40. Ra8 Ke8 41. R1a7 Kd8 42. Rb7 Bd6 0-1

[Event "Late-Titled-Tuesday-Blitz-June-25-2024"]
[Site "Chess.com"]
[Date "2024.06.25"]
[Round "4"]
[White "KaydenTroffChess"]
[Black "Cxrjs"]
[Result "1-0"]
[WhiteElo "2820"]
[BlackElo "2518"]
[TimeControl "180+1"]
[EndTime "14:36:06 PDT"]
[Termination "KaydenTroffChess won on time"]

1. d4 Nf6 2. Nf3 e6 3. Bf4 d5 4.
e3 c5 5. Nc3 c4 6. a3 b5 7. Be2 Nc6 8. O-O b4 9. axb4 Bxb4 10.
Ne5 Nxe5 11. dxe5 Bxc3 12. bxc3 Ne4 13. Qd4 O-O 14. f3 g5 15. fxe4 gxf4 16. Rxf4 Bb7 17. exd5 Qxd5 18. Rg4+ Kh8 19. Qf4 f5 20. Rg3 Rg8 21.
Bf3 Qb5 22. Qh6 Rxg3 23. hxg3 Bxf3 24. Qf6+ Kg8 25. Qxe6+ Kh8 26. gxf3 Qc5 27. Qf6+ Kg8 28. Qe6+ Kh8 29. Kf2 a5 30. Qf6+ Kg8 31. Qxf5 Ra7 32.
Rd1 Qc7 33. e6 Qe7 34. Rd4 a4 35. Rg4+ Kh8 36. Qe5+ 1-0

[Event "Late-Titled-Tuesday-Blitz-June-25-2024"]
[Site "Chess.com"]
[Date "2024.06.25"]
[Round "4"]
[White "Flopezin"]
[Black "Cheer_Down"]
[Result "1-0"]
[WhiteElo "2376"]
[BlackElo "2489"]
[TimeControl "180+1"]
[EndTime "14:36:06 PDT"]
[Termination "Flopezin won by resignation"]

1. d4 d5 2. c4 e6 3. Nf3 Nf6 4. g3 Be7 5. Bg2 O-O 6. O-O dxc4 7. Na3 Bxa3 8. bxa3 Bd7 9. a4 Bc6 10. Ba3 Re8 11.
Qc2 Bd5 12. Rfe1 Ne4 13. Ne5 Nc6 14. Nxc6 Bxc6 15. Bxe4 Qxd4 16. Bxc6 bxc6 17. Rac1 Rab8 18. Qxc4 Qf6 19. Qxc6 h5 20. h4 Rec8 21. Red1 Qe5 22. Qc4 Rb6 23. Bc5 Rc6 24. Qb5 Qe4 25. Rd4 Qxd4 26. Bxd4 Rxc1+ 27. Kg2 c5 28. Be5 c4 29. Qd7 Rc5 30. Bf4 Rc2 31. Qe8+ Kh7 32. e4 Rxf2+ 33. Kxf2 c3 34. Qxf7 1-0

[Event "Late-Titled-Tuesday-Blitz-June-25-2024"]
[Site "Chess.com"]
[Date "2024.06.25"]
[Round "4"]
[White "pooh2012"]
[Black "evgchess5"]
[Result "0-1"]
[WhiteElo "2601"]
[BlackElo "2896"]
[TimeControl "180+1"]
[EndTime "14:36:08 PDT"]
[Termination "evgchess5 won by resignation"]

1. d4 Nf6 2. Nc3 d5 3. Bf4 Bf5 4. e3 a6 5. f3 e6 6. g4 Bg6 7. h4 h6 8. Bd3 Bxd3 9. Qxd3 c5 10. Nge2 Nc6 11. a3 b5 12. Kf2 g6 13. Kg2 Bd6 14.
Rad1 Qe7 15. Bxd6 Qxd6 16. Ng3 h5 17. g5 Nd7 18. Nce2 cxd4 19. exd4 Ne7 20. Rhe1 Nb6 21. b3 O-O 22. Ra1 Rfc8 23. Rec1 Rc7 24. c3 Rc6 25. Rc2 Qc7 26. Rac1 Rc8 27. Nf1 Qd6 28. Ra1 Nf5 29.
Kh3 e5 30. dxe5 Qxe5 31. Neg3 Rxc3 32. Rxc3 Rxc3 33. Qe2 Qxe2 34. Nxe2 Rxf3+ 35. Nfg3 Rxb3 0-1

[Event "Late-Titled-Tuesday-Blitz-June-25-2024"]
[Site "Chess.com"]
[Date "2024.06.25"]
[Round "4"]
[White "jup1978"]
[Black "DryCounty"]
[Result "1-0"]
[WhiteElo "2491"]
[BlackElo "2642"]
[TimeControl "180+1"]
[EndTime "14:36:14 PDT"]
[Termination "jup1978 won by resignation"]

1. d4 Nf6 2. Nf3 g6 3. g3 Bg7 4. Bg2 O-O 5. O-O d6 6. b3 a5 7. a4 Nc6 8. Bb2 Bf5 9. Nh4 Bd7 10. Re1 Re8 11. e4 e5 12. d5 Nb4 13. c4 Na6 14. Nc3 Nc5 15. Qc2 c6 16. Ba3 Qb6 17. Rab1 Rac8 18. Qd1 cxd5 19. Nxd5 Nxd5 20. Qxd5 Be6 21.
Bxc5 Rxc5 22. Qd3 Qb4 23. Nf3 Rec8 24. Red1 R5c6 25. Ng5 Bd7 26. Bh3 Bxh3 27. Nxh3 Bh6 28. Kg2 Qc5 29. Ng1 Rb6 30. Ne2 Rb4 31. Nc3 Qd4 32. Nd5 Qxd3 33. Rxd3 Bf8 34. Rbd1 Rc6 35. Nxb4 axb4 36. Rd5 Be7 37. Rb5 Kg7 38. Rxb7 Bg5 1-0

[Event "Late-Titled-Tuesday-Blitz-June-25-2024"]
[Site "Chess.com"]
[Date "2024.06.25"]
[Round "4"]
[White "TheoSlade"]
[Black "LewAnatol"]
[Result "1-0"]
[WhiteElo "2481"]
[BlackElo "2277"]
[TimeControl "180+1"]
[EndTime "14:36:15 PDT"]
[Termination "TheoSlade won by resignation"]

1. d4 d5 2. c4 e6 3. Nf3 c5 4. cxd5 exd5 5. Nc3 Nc6 6. dxc5 d4 7. Na4 Bxc5 8. Nxc5 Qa5+ 9. Qd2 Qxc5 10. e3 dxe3 11. Qxe3+ Qxe3+ 12. Bxe3 Nge7 13. Bc4 Bg4 14. Nd4 Nxd4 15.
Bxd4 O-O 16. O-O Nc6 17. Be3 Rac8 18. Rac1 a6 19. h3 Bf5 20. Bd5 Rfd8 21. Rfd1 h6 22. a3 Be6 23. Be4 f5 24. Rxd8+ Nxd8 25. Rxc8 Bxc8 26.
Bd5+ Kh7 27. Kf1 Kg6 28. Ke2 Ne6 29. Kd3 Kf6 30. Bd2 Nc7 31. Bc3+ Kg6 32. Bf3 Nb5 33. Be5 Na7 34. Kc4 Nc6 35. Bc3 b5+ 36. Kc5 Nd8 37. Kb6 Ne6 38. Bb7 Bxb7 39. Kxb7 Nc5+ 40. Kb6 Na4+ 41. Kxa6 Nxc3 42. bxc3 f4 43. Kxb5 Kf5 44. a4 Ke4 45. a5 Kd3 46. a6 Ke2 47. a7 Kxf2 48. a8=Q 1-0

[Event "Late-Titled-Tuesday-Blitz-June-25-2024"]
[Site "Chess.com"]
[Date "2024.06.25"]
[Round "4"]
[White "ansko1999"]
[Black "laskakid"]
[Result "1-0"]
[WhiteElo "2575"]
[BlackElo "2399"]
[TimeControl "180+1"]
[EndTime "14:36:17 PDT"]
[Termination "ansko1999 won on time"]

1. Nf3 f5 2. c3 Nf6 3. d4 d6 4. Bf4 g6 5. e3 Bg7 6. h3 O-O 7.
Nbd2 Nc6 8. Be2 e6 9. O-O Qe7 10. a4 h6 11. Bh2 e5 12. dxe5 dxe5 13. b4 e4 14. Nd4 Ne5 15. Qb3+ Kh7 16. a5 a6 17. c4 Be6 18. Bxe5 Bg8 19. Bxf6 Bxf6 20. Qc3 Rad8 21. c5 c6 22. Bc4 Qg7 23. Bxg8+ Rxg8 24. Nc4 Rd5 25. Nb6 Rxd4 26. exd4 Bxd4 27. Qa3 Bxa1 28.
Qxa1 Qe7 29. Nc4 f4 30. Rd1 e3 31. fxe3 fxe3 32. Qe5 Qf7 33. Nxe3 Re8 34. Qd4 Re7 35.
Ng4 Qb3 36. Nf6+ Kg7 37. Nd5+ 1-0

[Event "Late-Titled-Tuesday-Blitz-June-25-2024"]
[Site "Chess.com"]
[Date "2024.06.25"]
[Round "4"]
[White "Necromon"]
[Black "grzechu96"]
[Result "0-1"]
[WhiteElo "2557"]
[BlackElo "2773"]
[TimeControl "180+1"]
[EndTime "14:36:18 PDT"]
[Termination "grzechu96 won by resignation"]

1. Nf3 d5 2. d4 Nf6 3. c4 c6 4.
Bf4 dxc4 5. e3 b5 6. a4 Bb7 7.
Be2 a6 8. Na3 e6 9. O-O Nbd7 10.
Nd2 Be7 11. e4 O-O 12. Bf3 Qb6 13. Nc2 c5 14. e5 Nd5 15. Be3 cxd4 16. Bxd4 Bc5 17.
Bxc5 Nxc5 18. Ne4 Nd3 19. Ng5 h6 20. Nh3 Nxe5 21. a5 Qc7 22. Qe2 Nd3 23. Ne3 Nxe3 24. fxe3 Bxf3 25. Rxf3 Qe5 26. Rg3 Qxb2 27. Qxb2 Nxb2 28.
Nf4 Rfd8 29. e4 Rac8 30. Nh5 g6 31. Nf6+ Kg7 32. e5 c3 33. Rf1 Rd1 34. Nh5+ Kf8 35.
Rf3 0-1